 Dungeon Crawl Stone Soup version 0.20.1-1-g8b1a95d (webtiles) character file.

16 Irenicus the Slasher (level 2, -2/21 HPs)
             Began as an Octopode Chaos Knight on Oct 13, 2017.
             Slain by a hobgoblin
             ... wielding a +0 club
              (4 damage)
             ... on level 1 of the Dungeon.
             The game lasted 00:00:40 (327 turns).

Irenicus the Slasher (Octopode Chaos Knight)         Turns: 327, Time: 00:00:41

Health: -2/21      AC:  1    Str: 11    XL:     2   Next: 58%
Magic:  2/2        EV: 13    Int: 14    God:    Xom [..*...]
Gold:   0          SH:  0    Dex: 11    Spells: 1/1 levels left

rFire    . . .     SeeInvis .   a - +0 falchion (chaos)
rCold    . . .     Gourm    .   (no shield)
rNeg     . . .     Faith    .   (helmet restricted)
rPois    .         Spirit   .   (no amulet)
rElec    .         Reflect  .   (no ring)
rCorr    .         Harm     .   (no ring)
MR       .....                  (no ring)
Stlth    ++........             (no ring)
Regen    0.1/turn               (no ring)
MPRegen  0.1/turn               (no ring)
                                (no ring)
                                (no ring)

@: no status effects
A: almost no armour, stealthy swim, amphibious, 8 rings, constrict 8, camouflage
1, gelatinous body 1
a: Renounce Religion


You were on level 1 of the Dungeon.
You worshipped Xom.
You were a toy of Xom.
You were not hungry.

You visited 1 branch of the dungeon, and saw 1 of its levels.

Inventory:

Hand Weapons
 a - a +0 falchion of chaos (weapon)
Jewellery
 f - an uncursed ring of fire
Scrolls
 g - a scroll of identify {unknown}
 h - a scroll of random uselessness {unknown}
 i - a scroll of remove curse {unknown}
Potions
 d - a potion of lignification {unknown}
 e - a potion of haste {unknown}
Comestibles
 b - a bread ration
 c - a royal jelly


   Skills:
 - Level 3.0 Fighting
 + Level 3.8 Long Blades
 - Level 2.3 Dodging


You had one spell level left.
You didn't know any spells.

Dungeon Overview and Level Annotations

Branches:
Dungeon (1/15)

Altars:


Innate Abilities, Weirdness & Mutations

You cannot wear most types of armour.
You are very stealthy in the water. (Stealth+)
You are amphibious.
You can wear up to eight rings at the same time.
You can use your tentacles to constrict eight enemies at once.
Your skin changes colour to match your surroundings (Stealth+).
Your rubbery body absorbs attacks. (AC +1, EV +1)


Message History

The hobgoblin hits you with a club!
You completely miss the hobgoblin. Your grab misses the hobgoblin.
You constrict the hobgoblin. The hobgoblin hits you with a club.
* * * LOW HITPOINT WARNING * * *
The hobgoblin barely misses you.
You release your grip on the hobgoblin.
You completely miss the hobgoblin. Your grab misses the hobgoblin.
The hobgoblin misses you.
You barely miss the hobgoblin. You grab the hobgoblin.
You squeeze the hobgoblin, but do no damage.
You constrict the hobgoblin. The hobgoblin hits you with a club.
* * * LOW HITPOINT WARNING * * *
You release your grip on the hobgoblin.
You aren't carrying any items that you can evoke.
Put on which piece of jewellery? (? for menu, Esc to quit)
Okay, then.
You hit the hobgoblin but do no damage. You grab the hobgoblin.
The hobgoblin is lightly wounded.
You constrict the hobgoblin. The hobgoblin hits you with a club.
You die...

#.........# ........##
#.........## ........##
#..........# ........##
#..........###.........##
#.......†................
#....†# #######.##
#####g# #....##.# #g#
#.##.##.# #@# #.##.##.#
#.# #.##....# #.###
#.####### #...# #.#
###.#####.# #.......#
#########


You could see 2 hobgoblins.

Vanquished Creatures
  A leopard gecko (D:1)
  A giant cockroach (D:1)
  4 goblins (D:1)
  A hobgoblin (D:1)
  3 kobolds (D:1)
  A rat (D:1)
11 creatures vanquished.

Vanquished Creatures (others)
  A giant cockroach (D:1)
1 creature vanquished.

Grand Total: 12 creatures vanquished

Notes
Turn   | Place    | Note
-------+----------+-------------------------------------------
     0 | D:1      | Irenicus the Octopode Chaos Knight began the quest for the Orb.
     0 | D:1      | Reached XP level 1. HP: 16/16 MP: 1/1
    42 | D:1      | XOM: silly message
   138 | D:1      | Reached XP level 2. HP: 21/21 MP: 2/2
   327 | D:1      | Slain by a hobgoblin

Action                   || total
-------------------------++-------
Melee: Falchion          ||    19
       Constrict         ||     6
       Tentacles         ||     1
Armor: Skin              ||     1
Dodge: Dodged            ||    13
       Rpst.: Falchion   ||     5
